 Dungeon Crawl Stone Soup version 0.26-a0-665-gefeb406119 (webtiles) character file.

Game seed: 15355747477622843872

177 jasper the Distorting Palentonga (level 5, -4/48 HPs)
             Began as a Palentonga Abyssal Knight on Oct 13, 2020.
             Was a Believer of Lugonu.
             Slain by Grinder (6 damage)
             ... on level 3 of the Dungeon.
             The game lasted 00:03:56 (4282 turns).

jasper the Distorting Palentonga (PaAK)             Turns: 4282, Time: 00:03:57

Health: -4/48      AC:  5    Str: 16    XL:     5   Next: 31%
Magic:  9/9        EV:  8    Int: 12    God:    Lugonu [**....]
Gold:   122        SH:  0    Dex: 10    Spells: 4/4 levels left

rFire    + . .     SeeInvis +   o - +0 war axe
rCold    . . .     Faith    .   (no shield)
rNeg     . . .     Spirit   .   n - +0 ring mail {rF+}
rPois    .         Reflect  .   (no helmet)
rElec    .         Harm     .   (no cloak)
rCorr    .         Rampage  .   (no gloves)
MR       .....                  (no barding)
Stlth    ..........             (no amulet)
HPRegen  0.16/turn              (no ring)
MPRegen  0.11/turn              (no ring)

@: invisible
A: large, rugged brown scales 3, see invisible, deformed body, roll, armoured
tail
a: Rolling Charge, Depart the Abyss, Bend Space, Renounce Religion


You were on level 3 of the Dungeon.
You worshipped Lugonu.
Lugonu was pleased with you.
You visited 1 branch of the dungeon, and saw 3 of its levels.
You visited the Abyss 1 time.

You collected 122 gold pieces.

Inventory:

Hand Weapons
 a - a +1 hand axe
 o - a +0 war axe (weapon)
Missiles
 l - 99 stones (quivered)
Armour
 b - a +0 leather armour
 n - a +0 ring mail of fire resistance (worn)
 q - a +0 chain mail
Scrolls
 c - a scroll of amnesia {unknown}
 f - a scroll of enchant armour {unknown}
 g - 3 scrolls of identify {unknown}
 h - 2 scrolls of enchant weapon {unknown}
 i - 2 scrolls of teleportation {unknown}
 j - a scroll of blinking {unknown}
 m - 3 scrolls of remove curse {unknown}
Potions
 d - a potion of heal wounds {unknown}
 e - 2 potions of mutation {unknown}
 k - a potion of invisibility
 p - 2 potions of curing {unknown}


   Skills:
 - Level 3.0 Fighting
 - Level 2.0 Axes
 - Level 1.5 Armour
 - Level 0.7 Dodging
 + Level 6.1 Invocations


You had 4 spell levels left.
You didn't know any spells.
Your spell library was empty.

Dungeon Overview and Level Annotations

Branches:
Dungeon (3/15)

Altars:
Cheibriados
Makhleb
Uskayaw
Vehumet

Annotations:
D:3 Grinder


Innate Abilities, Weirdness & Mutations

You are completely covered in rugged brown scales. (AC +3, +7% HP)
You have supernaturally acute eyesight. (SInv)
Armour fits poorly on your strangely shaped body.
You can roll at foes to attack.
You have a long armoured tail.


Message History

Grinder hits you!
You take 8 damage, and have 24/48 hp.
You are too injured to fight recklessly!
Okay, then.
Okay, then.
You hit Grinder.
Grinder is lightly wounded.
Grinder gestures at you. Pain shoots through your body!
* * * LOW HITPOINT WARNING * * *
Grinder hits you but does no damage.
You take 14 damage, and have 10/48 hp.
MASSIVE DAMAGE!!
Unknown command.
It was a potion of invisibility.
You fade into invisibility!
Grinder says, "Don't move a muscle."
Grinder hits you!
* * * LOW HITPOINT WARNING * * *
You writhe in agony.
You die...

#.# #.###.†...##.# #.#
#.# #........# #.# #.#
#.....#### #.# #.#
#.....# #.# ###.### #>#
###.### #.# # #.....#
#.# #.###.....# #.#
#...@5....# #.###
#####.....# #.#.##
#.....# ##..#.####
####..##
...###...####### #...#
....#..........# ##..#
#..#.###..####.# #..#
.............#.######..#
#####.##...#...........#


You could see Grinder.

Vanquished Creatures
  An orc wizard (D:3)
  6 adders
  2 worms
  5 dart slugs
  A leopard gecko (D:1)
  5 orcs
  6 bats
  6 giant cockroaches
  9 goblins
  12 hobgoblins
  4 jackals (D:3)
  4 frilled lizards (D:1)
  7 kobolds
  3 rats (D:1)
71 creatures vanquished.

Notes
Turn   | Place    | Note
-------+----------+-------------------------------------------
     0 | Abyss:1  | jasper the Palentonga Abyssal Knight began the quest for
                  | the Orb.
     0 | Abyss:1  | Reached XP level 1. HP: 20/20 MP: 2/2
    34 | Abyss:1  | Noticed a small abomination
    36 | D:1      | Escaped the Abyss
   113 | D:1      | Found a snail-covered altar of Cheibriados.
   117 | D:1      | Reached * piety under Lugonu
   121 | D:1      | Reached XP level 2. HP: 17/27 MP: 4/4
   126 | D:1      | Reached skill level 3 in Invocations
   629 | D:1      | Reached XP level 3. HP: 24/33 MP: 5/5
   852 | D:1      | Reached skill level 4 in Invocations
  1710 | D:2      | Reached ** piety under Lugonu
  1790 | D:2      | Found a radiant altar of Vehumet.
  2044 | D:2      | Reached XP level 4. HP: 28/40 MP: 7/7
  2814 | D:2      | Reached skill level 5 in Invocations
  3115 | D:3      | Found a hide-covered altar of Uskayaw.
  3145 | D:3      | Found a burning altar of Makhleb.
  3544 | D:3      | Reached XP level 5. HP: 24/48 MP: 9/9
  3715 | D:3      | Reached skill level 6 in Invocations
  4043 | D:3      | Found a faded altar of an unknown god.
  4275 | D:3      | Noticed Grinder
  4282 | D:3      | HP: 2/48 [Grinder (8)]
  4282 | D:3      | Slain by Grinder

Illustrated notes

Levels and vault maps discovered:
D:1:      nagdon_arrival_double_spiral, layout_basic, hex_medium,
          cheibriados_altar_1
D:2:      layout_basic, lemuel_doored_altar
D:3:      layout_loops_ring, lemuel_crystal_altar, lemuel_crystal_altar,
          chequers_ecumenical_altar_twisty, uniq_grinder, uniq_ijyb

Skill      XL: |  1  2  3  4  5 |
---------------+----------------+-----
Invocations    | 3 4 5 6 |  6.1
Fighting       | |  3.0
Axes           | |  2.0
Armour         | |  1.5
Dodging        | |  0.7

Action                   |  1- 3 |  4- 6 || total
-------------------------+-------+-------++-------
Melee: Hand axe          |   101 |    27 ||   128
       Tailslap          |    11 |     5 ||    16
       War axe           |       |    89 ||    89
Throw: Stone             |    13 |     3 ||    16
Invok: Depart the Abyss  |     1 |       ||     1
 Abil: Rolling Charge    |    16 |     5 ||    21
  Use: Potion            |       |     1 ||     1
Armor: Leather armour    |    24 |       ||    24
       Ring mail         |    10 |    62 ||    72
Dodge: Dodged            |    45 |    60 ||   105

Table legend: (Time is in decaauts)
 A = Elapsed time spent in this place.
 B = Non-inter-level travel time spent in this place.
 C = Inter-level travel time spent in this place.
 D = Time resting spent in this place.
 E = Time spent auto-exploring this place.
 F = Levels seen in this place.
 G = Mean time per level.
                   A        B        C        D        E       F      G
               +--------+--------+--------+--------+--------+-----+--------+
         Total |   4423 |   4328 |     95 |    215 |   3581 |   4 | 1105.8 |
       Dungeon |   4387 |   4292 |     95 |    215 |   3549 |   3 | 1462.3 |
         Abyss |     36 |     36 |      0 |      0 |     32 |   1 |   36.0 |
               +--------+--------+--------+--------+--------+-----+--------+

Top non-repeatable levels by time:
     D:1: 1611 daAuts
     D:3: 1414 daAuts
     D:2: 1361 daAuts
 Abyss:1: 36 daAuts
